 Dungeon Crawl Stone Soup version 0.21-a0-110-g8e1637b (webtiles) character file.

2191 slavetoarmok the Fighter (level 9, -3/98 (100) HPs)
             Began as an Ogre Fire Elementalist on July 9, 2017.
             Was a Believer of Elyvilon.
             Slain by a wight
             ... wielding a +0 dire flail
              (13 damage)
             ... on level 6 of the Dungeon.
             The game lasted 00:15:50 (6862 turns).

slavetoarmok the Fighter (Ogre Fire Elementalist)   Turns: 6862, Time: 00:15:51

HP:   -3/98 (100)   AC:  4    Str: 17    XL:     9   Next: 33%
MP:   18/18         EV: 10    Int: 16    God:    Elyvilon [**....]
Gold: 414           SH:  0    Dex:  9    Spells: 11/21 levels left

rFire    . . .     SeeInvis .   G - +0 giant club
rCold    . . .     Gourm    .   (shield currently unavailable)
rNeg     . . .     Faith    .   a - +0 robe
rPois    .         Spirit   .   (helmet restricted)
rElec    .         Reflect  .   B - +0 cloak (curse)
rCorr    .         Harm     .   (gloves unavailable)
MR       .....                  (boots unavailable)
Stlth    +.........             (no amulet)
HPRegen  0.26/turn              (no ring)
MPRegen  0.16/turn              (no ring)

@: heavily drained
A: unfitting armour, tough skin 1
a: Lesser Healing, Heal Other, Divine Protection, Renounce Religion


You were on level 6 of the Dungeon.
You worshipped Elyvilon.
Elyvilon was pleased with you.
You were not hungry.

You visited 1 branch of the dungeon, and saw 6 of its levels.
You also visited: Sewer.

You collected 414 gold pieces.

Inventory:

Hand Weapons
 s - a +0 whip of flaming
 G - a +0 giant club (weapon)
 I - a +0 giant spiked club
Armour
 a - a +0 robe (worn)
 B - a cursed +0 cloak (worn)
Jewellery
 g - a cursed ring of teleportation {unknown}
 m - an uncursed ring of wizardry {unknown}
 v - a +3 ring of evasion {unknown}
 H - a cursed -3 ring of intelligence {unknown}
Wands
 u - a wand of polymorph (12/24)
 F - a wand of flame (29/48)
Scrolls
 d - 3 scrolls of amnesia {unknown}
 e - a scroll of enchant armour {unknown}
 f - 7 scrolls of identify {unknown}
 i - 3 scrolls of teleportation {unknown}
 k - 7 scrolls of remove curse {unknown}
 l - a scroll of fog {unknown}
 r - a scroll of immolation {unknown}
 y - 3 scrolls of magic mapping {unknown}
 z - 2 scrolls of recharging {unknown}
Potions
 j - 3 potions of mutation {unknown}
 n - a potion of lignification {unknown}
 o - 2 potions of might {unknown}
 p - 6 potions of flight {unknown}
 q - a potion of brilliance {unknown}
 t - 5 potions of curing {unknown}
 w - a potion of berserk rage {unknown}
 A - 2 potions of cancellation {unknown}
 C - 2 potions of heal wounds {unknown}
 D - a potion of degeneration {unknown}
 E - a potion of invisibility {unknown}
 K - 2 potions of haste {unknown}
Books
 b - a book of Flames

   Spells                             Type                      Level
   a - Flame Tongue                   Conjuration/Fire             1
   b - Throw Flame                    Conjuration/Fire             2
   c - Conjure Flame                  Conjuration/Fire             3
   d - Inner Flame                    Hexes/Fire                   3
   e - Sticky Flame                   Conjuration/Fire             4
   f - Fireball                       Conjuration/Fire             5
Comestibles
 c - 6 bread rations
 h - 4 meat rations
 x - a royal jelly


   Skills:
 * Level 9.5(7.8) Fighting
 * Level 4.8(3.3) Maces & Flails
 - Level 3.8(2.3) Dodging
 - Level 1.5(0.2) Stealth
 + Level 6.5(5.0) Spellcasting
 - Level 0.8(0.0) Conjurations
 - Level 4.4(2.9) Fire Magic


You had 11 spell levels left.
You knew the following spells:

 Your Spells              Type           Power        Failure   Level  Hunger
a - Flame Tongue          Conj/Fire      #....        9%          1    None
b - Throw Flame           Conj/Fire      #.....       13%         2    #......
c - Conjure Flame         Conj/Fire      #.......     26%         3    ###....
d - Sticky Flame          Conj/Fire      #.......     63%         4    ####...


Dungeon Overview and Level Annotations

Branches:
Dungeon (6/15)             Temple (0/1) D:6

Altars:
Ashenzari
Dithmenos
Elyvilon
Nemelex Xobeh
Qazlal
Vehumet
The Shining One


Innate Abilities, Weirdness & Mutations

You are too large for most types of armour.
You have tough skin. (AC +1)


Message History

The orc wizard barely misses you.
You hit the orc wizard.
The orc wizard is moderately wounded.
The wight closely misses you.
The orc wizard mumbles some strange words.
The orc wizard seems to speed up.
The wight closely misses you. The orc wizard barely misses you.
You closely miss the orc wizard.
The orc wizard is moderately wounded.
The orc wizard hits you but does no damage.
The wight hits you with a dire flail!
* * * LOW HITPOINT WARNING * * *
The orc wizard hits you but does no damage.
You bludgeon the orc wizard!!
You kill the orc wizard!
The wight closely misses you.
You closely miss the wight. The wight hits you with a dire flail.
* * * LOW HITPOINT WARNING * * *
The wight hits you with a dire flail!
You die...

.# #.#######..##......##
.############......###.###.......
..................##§...≈#.....##
.############..##.##.....#..####
### #..##....._.....#
..###########..##..#.....#..#
...................#....§#.>#####
...............#<.(###.###.......
##...######...##@z.#...#.........
................)......'.........
.##.........####.#.#.###.........
.##..###########.#.#.# #.........
..........z.z....#.#.###.........
.#....................####..##...
.##....#########.####.# #..#....
.......#.# #.##.#.# #..##...
#.#.z..#.# #.##.#.####..##...


You could see a wight.

Vanquished Creatures
  Pikel (D:3)
  A deep elf mage (D:6)
  An orc warrior (D:6)
  A necrophage (D:4)
  2 ogres (D:5)
  A big kobold (Sewer)
  2 bullfrogs (D:6)
  2 scorpions
  A wight (D:6)
  A vampire bat (D:5)
  2 howler monkeys
  A crimson imp (D:5)
  2 hounds
  A jelly (D:3)
  2 orc wizards
  An iguana (D:5)
  Natasha (thrice) (D:4)
  4 worker ants
  2 river rats (Sewer)
  5 adders
  2 shadow imps (D:5)
  An adder skeleton (D:5)
  8 worms
  2 dart slugs
  A leopard gecko (D:2)
  5 orcs
  6 ball pythons
  9 bats
  3 giant cockroaches
  7 goblins
  2 hobgoblins (D:1)
  10 jackals
  9 kobolds
  4 frilled lizards
  A leopard gecko skeleton (D:5)
  12 rats
118 creatures vanquished.

Vanquished Creatures (others)
  A slave (D:6)
  A wight (D:6)
  An orc wizard (D:6)
  3 orcs (D:6)
6 creatures vanquished.

Grand Total: 124 creatures vanquished

Notes
Turn   | Place    | Note
-------+----------+-------------------------------------------
     0 | D:1      | slavetoarmok the Ogre Fire Elementalist began the quest for the Orb.
     0 | D:1      | Reached XP level 1. HP: 16/16 MP: 3/3
   564 | D:1      | Reached XP level 2. HP: 22/24 MP: 1/5
   885 | D:2      | Found a glowing golden altar of the Shining One.
   943 | D:2      | Reached skill level 1 in Fighting
   943 | D:2      | Reached XP level 3. HP: 33/33 MP: 2/6
   999 | D:2      | Reached skill level 2 in Fighting
  1273 | D:2      | Reached XP level 4. HP: 20/44 MP: 2/7
  1967 | D:3      | Learned a level 2 spell: Throw Flame
  1971 | D:3      | Learned a level 3 spell: Conjure Flame
  2089 | D:3      | Reached skill level 3 in Fighting
  2145 | D:3      | Reached XP level 5. HP: 53/53 MP: 6/9
  2150 | D:3      | Found a shattered altar of Ashenzari.
  2155 | D:3      | Found a sparkling altar of Nemelex Xobeh.
  2158 | D:3      | Found a white marble altar of Elyvilon.
  2165 | D:3      | Became a worshipper of Elyvilon the Healer
  2172 | D:3      | Found a shadowy altar of Dithmenos.
  2238 | D:3      | Found a radiant altar of Vehumet.
  2422 | D:4      | Noticed Natasha
  2428 | D:4      | Killed Natasha
  2581 | D:4      | Reached skill level 4 in Fighting
  2581 | D:4      | Reached XP level 6. HP: 53/62 MP: 0/11
  2654 | D:4      | Noticed a slave
  2655 | D:4      | Noticed a slave
  2656 | D:4      | Noticed Pikel
  2657 | D:4      | Noticed a slave
  2658 | D:4      | Noticed a slave
  2807 | D:3      | Killed Pikel
  2807 | D:3      | Reached skill level 6 in Fighting
  2807 | D:3      | Reached XP level 7. HP: 28/75 MP: 1/13
  3098 | D:4      | Learned a level 4 spell: Sticky Flame
  3286 | D:4      | Noticed Natasha
  3299 | D:4      | Killed Natasha
  3761 | D:4      | Noticed Natasha
  3771 | D:4      | Killed Natasha
  3808 | D:4      | Reached skill level 1 in Maces & Flails
  3908 | D:4      | Reached XP level 8. HP: 56/82 MP: 3/15
  3993 | D:5      | Entered Level 5 of the Dungeon
  4070 | D:5      | Reached skill level 7 in Fighting
  4070 | D:5      | Reached skill level 5 in Spellcasting
  4196 | D:5      | Reached * piety under Elyvilon
  5322 | D:6      | Reached ** piety under Elyvilon
  5358 | D:6      | Reached skill level 8 in Fighting
  5359 | D:6      | Found a staircase to the Ecumenical Temple.
  5390 | D:6      | Found a stormy altar of Qazlal.
  5604 | D:6      | Found a glowing drain.
  5624 | Sewer    | Entered a sewer
  5737 | Sewer    | Found a white marble altar of Elyvilon.
  5866 | D:6      | Reached XP level 9. HP: 71/95 MP: 16/18
  6570 | D:6      | Noticed a deep elf mage
  6577 | D:6      | Killed a deep elf mage
  6577 | D:6      | Reached skill level 9 in Fighting
  6862 | D:6      | Slain by a wight

Vault maps used:
D:1:      mainiacjoe_arrival_reflecting_pool
D:2:      lemuel_doored_altar
D:3:      vehumet_crystals, grunt_temple_overflow_cloverleaf, first_bread
D:4:      uniq_natasha, uniq_pikel
D:5:      minmay_misc_feat_chi, roderic_batcave, st_stairs_4,
          lemuel_old_faithful
D:6:      grunt_qazlal_clouds, minmay_temple_entry_statues_fountains,
          cheibrodos_sewer_entry_drain, guppyfry_early_elven_hall
Sewer:    sewer_kobolds

Skill      XL: |  1  2  3  4  5  6  7  8  9 |
---------------+----------------------------+-----
Dodging        | 2 3 |  3.8
Fire Magic     | 3 4 |  4.4
Fighting       | 1 2 3 4 6 8 9 |  9.5
Spellcasting   | 3 4 6 |  6.5
Maces & Flails | 1 4 |  4.8
Stealth        | |  1.5
Conjurations   | |  0.8

Action                   |  1- 3 |  4- 6 |  7- 9 || total
-------------------------+-------+-------+-------++-------
Melee: Unarmed           |    19 |     2 |       ||    21
       Whip              |       |       |    66 ||    66
       Giant club        |       |       |   180 ||   180
 Cast: Flame Tongue      |    54 |    94 |    24 ||   172
       Throw Flame       |       |     2 |     6 ||     8
       Sticky Flame      |       |       |     1 ||     1
 Stab: Sleeping          |       |       |     1 ||     1
  Eat: Chunk             |     1 |     5 |    14 ||    20
Armor: Robe              |    15 |    15 |    81 ||   111
Dodge: Dodged            |    33 |    21 |   240 ||   294
